 Dungeon Crawl Stone Soup version 0.24.0-13-gcf9b3192b9 (webtiles) character file.

Game seed: 8825822857172067330, levelgen mode: deterministic

562500 roguesci the Shatterer (level 26, -1/198 HPs)
             Began as a Gargoyle Fighter on Nov 1, 2019.
             Was a Follower of Uskayaw.
             Splashed by an acid blob's acid (14 damage)
             ... on level 4 of the Realm of Zot on Nov 6, 2019.
             The game lasted 04:28:14 (75959 turns).

roguesci the Shatterer (Gargoyle Fighter)          Turns: 75959, Time: 04:28:14

Health: -1/198     AC: 51    Str: 31    XL:     26   Next: 69%
Magic:  36/38      EV:  8    Int:  8    God:    Uskayaw [*.....]
Gold:   5473       SH: 16    Dex:  9    Spells: 38/47 levels left

rFire    . . .     SeeInvis +   D - +9 demon whip (venom)
rCold    . . .     Gourm    .   Q - +1 shield {AC+3}
rNeg     + + +     Faith    .   M - +9 crystal plate armour
rPois    ∞         Spirit   .   (helmet restricted)
rElec    +         Reflect  .   w - +2 cloak
rCorr    .         Harm     .   U - +2 pair of gloves
MR       +++++     Clarity  +   a - +2 pair of boots
Stlth    ..........             g - amulet of the Four Winds {rN+ MR+++ Clar}
HPRegen  0.43/turn              b - +3 ring of slaying
MPRegen  0.26/turn              c - ring "Paprum" {+Fly rN+ Str+3 Int-5}

@: corroded, hasted, studying 2 skills, very quick
A: big wings, horns 1, rugged brown scales 1, see invisible, magic resistance 1,
negative energy resistance 1, robust 1, electricity resistance, unbreathing,
petrification resistance, rot immunity, AC +20
}: 3/15 runes: decaying, silver, gossamer
a: Fly, Stomp, Renounce Religion, Evoke Flight


You were on level 4 of the Realm of Zot.
You worshipped Uskayaw.
Uskayaw was most pleased with you.
You were full.

You visited 7 branches of the dungeon, and saw 43 of its levels.

You collected 6109 gold pieces.
You spent 636 gold pieces at shops.

Inventory:

Hand Weapons
 r - the +7 dire flail of Ru's Displeasure {freeze, +Blink rF+ rC+ Str+4 Dex-3}
   (You found it on level 5 of the Vaults)

   It has been specially enchanted to freeze those struck by it, causing extra
   injury to most foes and up to half again as much damage against particularly
   susceptible opponents.
   It can also slow down cold-blooded creatures.
   It affects your strength (+4).
   It affects your dexterity (-3).
   It protects you from fire.
   It protects you from cold.
   It lets you blink.
 D - a +9 demon whip of venom (weapon)
 S - the +8 mithril axe "Arga" {speed, MR+}
   (You found it on level 1 of the Depths)

   Attacks with this weapon are significantly faster.
   It affects your resistance to hostile enchantments.
Missiles
 l - 1272 stones (quivered)
Armour
 a - a +2 pair of boots (worn)
 d - a +1 helmet of see invisible
 n - a +0 cloak of invisibility
 w - a +2 cloak (worn)
 L - a +0 buckler of reflection
 M - a +9 crystal plate armour (worn)
 N - +0 gold dragon scales
 Q - a +1 shield of protection (worn)
 U - a +2 pair of gloves (worn)
Jewellery
 b - a +3 ring of slaying (left hand)
 c - the ring "Paprum" (right hand) {+Fly rN+ Str+3 Int-5}
   (You found it on level 3 of the Depths)

   [ring of flight]

   It affects your strength (+3).
   It affects your intelligence (-5).
   It protects you from negative energy.
   It lets you fly.
 g - the amulet of the Four Winds (around neck) {rN+ MR+++ Clar}
   (You took it off a frost giant on level 3 of the Depths)

   [amulet of nothing]

   It protects you from negative energy.
   It affects your resistance to hostile enchantments.
   It protects you against confusion.
 h - an uncursed amulet of faith
 i - an uncursed amulet of rage
 m - the ring "Mulove Adghua" {MR+ Dex+2}
   (You found it on level 12 of the Dungeon)

   [ring of dexterity]

   It affects your dexterity (+2).
   It affects your resistance to hostile enchantments.
 o - an uncursed amulet of the acrobat
 s - the ring "Rebbamua" {rF+ Str+2 Int+6}
   (You found it on level 1 of the Depths)

   [ring of protection from fire]

   It affects your strength (+2).
   It affects your intelligence (+6).
   It protects you from fire.
 t - an uncursed ring of positive energy
 y - the ring "Raptuev" {*Corrode Str+4 Dex+4 Stlth+}
   (You took it off a vault sentinel on level 5 of the Vaults)

   [ring of stealth]

   It affects your strength (+4).
   It affects your dexterity (+4).
   It may corrode you when you take damage.
   It makes you more stealthy.
 z - an uncursed ring of fire
 E - a +6 amulet of reflection
 F - an uncursed ring of resist corrosion
 J - an uncursed ring of protection from magic
 T - the amulet of Uqoykumy {rElec rC+++ Regen+ Int-4 SInv}
   (You found it on level 6 of the Lair of Beasts)

   [amulet of regeneration]

   It affects your intelligence (-4).
   It renders you almost immune to cold.
   It insulates you from electricity.
   It lets you see invisible.
   It increases your rate of regeneration.
Wands
 x - a wand of iceblast (11)
 P - a wand of digging (2)
Scrolls
 e - 7 scrolls of teleportation
 p - 3 scrolls of blinking
 u - 6 scrolls of fear
 v - 6 scrolls of magic mapping
 C - 15 scrolls of remove curse
 H - 9 scrolls of immolation
 K - 2 scrolls of fog
 X - a scroll of enchant weapon
 Z - a scroll of identify
Potions
 j - a potion of mutation
 q - a potion of cancellation
 A - 6 potions of brilliance
 B - 4 potions of ambrosia
 G - 11 potions of curing
 R - a potion of agility
 V - a potion of might
 W - 2 potions of magic
Books
 O - a manual of Throwing
 Y - a manual of Earth Magic
Comestibles
 f - 30 rations


   Skills:
 + Level 20.8 Fighting
 - Level 12.7(17.5) Axes
 + Level 21.1(22.2) Maces & Flails
 * Level 20.1 Armour
 - Level 2.0 Dodging
 - Level 15.5 Shields
 - Level 11.1 Spellcasting
 - Level 11.4 Translocations
 + Level 18.9 Invocations


You had 38 spell levels left.
You knew the following spells:

 Your Spells              Type           Power        Failure   Level  Hunger
a - Apportation           Tloc           ###...       1%          1    None
b - Blink                 Tloc           N/A          1%          2    #......
c - Passage of Golubria   Tloc           N/A          12%         4    ####...
d - Shroud of Golubria    Chrm/Tloc      ##....       19%         2    #......

Your spell library contained the following spells:

 Spells                   Type           Power        Failure   Level  Hunger
 Gell's Gravitas          Tloc           ###.......   3%          3    ###....
 Lesser Beckoning         Tloc           ###.......   3%          3    ###....
 Teleport Other           Tloc           ###.....     3%          3    ###....
 Portal Projectile        Hex/Tloc       ##....       36%         3    ###....
 Recall                   Summ/Tloc      N/A          36%         3    ###....
 Force Lance              Conj/Tloc      ##......     77%         4    ####...
 Animate Skeleton         Necr           N/A          78%         1    None
 Confusing Touch          Hex            #.....       78%         1    None
 Corona                   Hex            #......      78%         1    None
 Flame Tongue             Conj/Fire      #....        78%         1    None
 Freeze                   Ice            #...         78%         1    None
 Infusion                 Chrm           #...         78%         1    None
 Magic Dart               Conj           #...         78%         1    None
 Pain                     Necr           #...         78%         1    None
 Sandblast                Erth           #.....       78%         1    None
 Shock                    Conj/Air       #...         78%         1    None
 Sting                    Conj/Pois      #...         78%         1    None
 Summon Butterflies       Summ           #.......     78%         1    None
 Summon Small Mammal      Summ           #...         78%         1    None
 Passwall                 Tmut/Erth      #.......     89%         2    #......
 Poisonous Vapours        Pois/Air       #.....       89%         2    #......
 Searing Ray              Conj           #.....       89%         2    #......
 Slow                     Hex            #.......     89%         2    #......
 Swiftness                Chrm/Air       #.......     89%         2    #......
 Throw Flame              Conj/Fire      #.....       89%         2    #......
 Throw Frost              Conj/Ice       #.....       89%         2    #......
 Call Canine Familiar     Summ           #.......     98%         3    ###....
 Conjure Flame            Conj/Fire      #.......     98%         3    ###....
 Dazzling Spray           Conj/Hex       #.....       98%         3    ###....
 Inner Flame              Hex/Fire       #.......     98%         3    ###....
 Mephitic Cloud           Conj/Pois/Air  #.......     98%         3    ###....
 Ozocubu's Armour         Chrm/Ice       #.......     98%         3    ###....
 Regeneration             Chrm/Necr      #.........   98%         3    ###....
 Static Discharge         Conj/Air       #.......     98%         3    ###....
 Stone Arrow              Conj/Erth      #.....       98%         3    ###....
 Airstrike                Air            #.........   100%        4    ####...
 Animate Dead             Necr           N/A          100%        4    ####...
 Cause Fear               Hex            #.........   100%        4    ####...
 Fulminant Prism          Conj/Hex       #.........   100%        4    ####...
 Iskenderun's Mystic Bla  Conj           #.......     100%        4    ####...
 Leda's Liquefaction      Hex/Erth       #.........   100%        4    ####...
 Olgreb's Toxic Radiance  Pois           #.......     100%        4    ####...
 Petrify                  Tmut/Erth      #.......     100%        4    ####...
 Sticky Flame             Conj/Fire      #.......     100%        4    ####...
 Summon Ice Beast         Ice/Summ       #.......     100%        4    ####...
 Throw Icicle             Conj/Ice       #.......     100%        4    ####...
 Bolt of Magma            Conj/Fire/Erth #.........   100%        5    ######.
 Borgnjor's Vile Clutch   Necr/Erth      #.........   100%        5    ######.
 Dispel Undead            Necr           #.......     100%        5    ######.
 Excruciating Wounds      Chrm/Necr      #.........   100%        5    ######.
 Fireball                 Conj/Fire      #.........   100%        5    ######.
 Irradiate                Conj/Tmut      #.........   100%        5    ######.
 Iskenderun's Battlesphe  Conj/Chrm      #.......     100%        5    ######.
 Lee's Rapid Deconstruct  Erth           #.........   100%        5    ######.
 Lightning Bolt           Conj/Air       #.........   100%        5    ######.
 Summon Mana Viper        Hex/Summ       #.......     100%        5    ######.
 Venom Bolt               Conj/Pois      #.........   100%        5    ######.
 Darkness                 Hex            #.........   100%        6    #######
 Death Channel            Necr           #.........   100%        6    #######
 Freezing Cloud           Conj/Ice/Air   #.........   100%        6    #######
 Hydra Form               Tmut           #.........   100%        6    #######
 Invisibility             Hex            #.......     100%        6    #######
 Iron Shot                Conj/Erth      #.........   100%        6    #######
 Simulacrum               Ice/Necr       #.........   100%        6    #######
 Dragon Form              Tmut           #.........   100%        7    #######
 Haunt                    Necr/Summ      #.........   100%        7    #######
 Orb of Destruction       Conj           #.........   100%        7    #######
 Ring of Flames           Chrm/Fire      #.........   100%        7    #######
 Spellforged Servitor     Conj/Summ      #.........   100%        7    #######
 Summon Hydra             Summ           #.........   100%        7    #######
 Borgnjor's Revivificati  Necr           #.........   100%        8    #######
 Death's Door             Chrm/Necr      #.........   100%        8    #######
 Ignition                 Fire           #.........   100%        8    #######
 Infestation              Necr           #.........   100%        8    #######
 Necromutation            Tmut/Necr      #.........   100%        8    #######
 Shatter                  Erth           #.........   100%        9    #######
 Tornado                  Air            #.........   100%        9    #######
 Statue Form              Tmut/Erth      Unusable     N/A         6    N/A

Dungeon Overview and Level Annotations

Branches:
Dungeon (15/15)            Temple (0/1) D:4            Lair (6/6) D:10
  Swamp (4/4) Lair:2       Spider (4/4) Lair:4        Slime (0/5) Lair:6
    Orc (0/2) D:11         Vaults (5/5) D:13          Crypt (0/3) Vaults:3
 Depths (5/5) D:15            Zot (4/5) Depths:5

Altars:
Ashenzari
Dithmenos
Elyvilon
Fedhas
Gozag
Hepliaklqana
Kikubaaqudgha
Nemelex Xobeh
Ru
Sif Muna
Uskayaw
Yredelemnul
Jiyva

Shops:
D:4 =   D:10 *   D:12 [   Vaults:2 :

Portals:
Hell: Depths:1 Depths:2 Depths:3 Depths:4 Depths:5
Abyss: Depths:4 Depths:5
Pandemonium: Depths:3 Depths:4
Ziggurat: Depths:1
Trove: D:13 (give +3 gold dragon scales)

Annotations:
Lair:2 exclusion: 2 oklob plants


Innate Abilities, Weirdness & Mutations

You are resistant to torment.
Your stone body is resilient. (AC +20)
You are immune to poison.
Your large and strong wings let you fly indefinitely.
You resist negative energy. (rN+)
You are resistant to electric shocks. (rElec)
You can survive without breathing.
You are immune to petrification.
You are immune to rotting.
You have a pair of small horns on your head.
You are partially covered in rugged brown scales. (AC +1, +3% HP)
You have supernaturally acute eyesight. (SInv)
You are resistant to hostile enchantments. (MR+)
You are robust. (+10% HP)


Message History

The acid blob spits acid at you.
The splash of acid hits you but does no damage.
You are splashed with acid.
* * * LOW HITPOINT WARNING * * *
The acid blob spits acid at you.
The splash of acid hits you but does no damage.
The acid corrodes you!
You are splashed with acid!
* * * LOW HITPOINT WARNING * * *
Found a stone staircase leading down.
You feel yourself speed up. You block the acid blob's attack.
The acid blob spits acid at you. The splash of acid misses you.
The acid blob spits acid at you.
The splash of acid hits you but does no damage.
The acid corrodes you!
You are splashed with acid!
* * * LOW HITPOINT WARNING * * *
The acid blob spits acid at you.
The splash of acid hits you but does no damage.
You are splashed with acid!
You die...

...## #.#####.....###...## #
...# ##.##..J....J.##...## ##
..## ###.d.q)...J..##)..###.
#.## #..JJ#####....#.......
#..# ##.J.##...##...##..)###
#..## ####.J.##.....##...#..##
#
##..####.##JJ##.......#...##)#
#...#...#.J.J........##.))#[#
##.....###..JJ..@.>....#..)'.#
#...#..#.#.......>.>...#...'.#
..####...#.[..........##...###
.## ##..##..##.......#...##.##
# .#
#..##.[.##.....##...#...### ##
#...##...##...##...##...... #
##...#....#####....#....##. ##
##..##...........##..##### .#
#...##.........###.## #


You could see 4 acid blobs and 2 jellies.

Vanquished Creatures
  The ghost of Angmar the Cloud Mage, a veteran DrAE of Vehumet (Vaults:3)
  A juggernaut (Depths:1)
  2 ancient liches (Vaults:5)
  the Lernaean hydra (Swamp:4)
  2 curse toes (Zot:2)
  Margery (Depths:2)
  A caustic shrike (shapeshifter) (Zot:2)
  5 caustic shrikes (Depths:4)
  7 golden dragons
  the Enchantress (Depths:4)
  Jorgrun (Spider:1)
  Rupert (Lair:4)
  12 tentacled monstrosities
  2 electric golems
  A lich (Depths:3)
  6 titans
  9 quicksilver dragons
  3 death cobs
  An ancient champion (Vaults:3)
  6 shadow dragons
  8 acid blobs
  6 tengu reavers
  3 sphinxes
  12 storm dragons
  3 thorn hunters
  8 draconian monks
  The ghost of Monsterracer the Severer, a journeyman DDFi of Makhleb (Spider:4)
  7 fire giants
  12 frost giants
  2 draconian knights
  A balrug (Zot:2)
  12 vault wardens
  7 emperor scorpions
  4 draconian scorchers
  A cacodemon (Depths:4)
  6 ghost moths
  3 deep elf sorcerers (Vaults:5)
  A deep elf elementalist (Vaults:5)
  8 draconian shifters
  8 draconian annihilators
  6 ironheart preservers
  5 draconian stormcallers
  3 spriggan defenders (Depths:4)
  28 very ugly things
  A war gargoyle (Vaults:2)
  A juggernaut skeleton (Depths:1)
  6 entropy weavers
  20 stone giants
  8 black draconians
  2 deep elf annihilators
  A lorocyproca (Zot:2)
  12 green draconians
  5 deep elf demonologists
  2 vampire knights (Depths:4)
  15 white draconians
  4 purple draconians (Zot:3)
  A yellow draconian (shapeshifter) (Zot:2)
  18 yellow draconians
  Snorg (D:10)
  12 red draconians
  6 spark wasps
  12 ettins
  3 deep elf death magi
  Josephine (D:14)
  10 fire dragons
  A deep elf high priest (Vaults:5)
  13 ogre magi
  11 yaktaur captains
  Erolcha (D:10)
  A small abomination (Vaults:5)
  A great orb of eyes (shapeshifter) (Vaults:2)
  7 great orbs of eyes
  10 ice dragons
  9 rakshasas
  4 spriggan air magi
  A ghost crab (Swamp:1)
  25 hydras
  A spectral sphinx (Vaults:3)
  30 two-headed ogres
  13 death yaks (Lair:6)
  An ice dragon (shapeshifter) (Depths:2)
  A spectral stone giant (Vaults:3)
  2 shambling mangroves
  32 vault guards
  3 catoblepae (Lair:6)
  2 spectral frost giants (Vaults:3)
  6 centaur warriors
  8 tengu warriors
  4 death knights
  4 deep troll shamans
  10 alligators
  3 vampire magi
  13 deep troll earth magi
  2 dancing weapons (Vaults:5)
  4 spriggan berserkers
  6 deep elf knights
  A fire crab (shapeshifter) (Vaults:5)
  4 hell knights (Depths:2)
  A sixfirhy (Depths:4)
  23 deep trolls
  2 shadow wraiths
  2 spectral yaktaurs (Vaults:3)
  A spriggan druid (Swamp:3)
  A death drake (shapeshifter) (D:14)
  3 unseen horrors
  5 flayed ghosts
  6 deep elf archers
  2 glowing orange brains
  A lindwurm (Lair:3)
  7 ironbrand convokers
  12 swamp dragons
  6 necromancers
  9 wizards
  7 orc knights
  7 harpies
  A wolf spider zombie (D:15)
  A harpy (shapeshifter) (Depths:3)
  42 wolf spiders
  2 phantasmal warriors (Depths:4)
  2 manticores (Lair:6)
  26 orb spiders
  2 spectral elves (Vaults:3)
  35 ugly things
  A fire giant zombie (Depths:1)
  9 deep elf magi
  2 moths of wrath (shapeshifter)
  An orc sorcerer (D:15)
  An elephant (D:10)
  26 moths of wrath
  4 cyclopes
  2 black mambas (shapeshifter)
  6 black mambas
  2 torpor snails
  10 vault sentinels
  A smoke demon (Depths:4)
  An orange demon (Depths:4)
  18 spiny frogs
  3 gargoyles
  4 guardian serpents (Zot:2)
  A rime drake (shapeshifter) (Vaults:3)
  27 yaktaurs
  8 demonic crawlers
  2 kobold demonologists
  A storm dragon simulacrum (Vaults:3)
  9 freezing wraiths
  10 rime drakes
  A spectral glowing shapeshifter (Vaults:3)
  A yaktaur (shapeshifter) (D:15)
  An efreet (D:14)
  6 komodo dragons
  A tengu conjurer (Depths:4)
  A queen bee (shapeshifter) (Vaults:4)
  2 harpy zombies (Zot:2)
  56 jumping spiders
  A jumping spider (shapeshifter) (Depths:3)
  18 tyrant leeches
  A meliai (shapeshifter) (D:15)
  24 hornets
  2 trolls
  A merfolk (D:10)
  Grinder (D:3)
  A snapping turtle (shapeshifter) (Vaults:4)
  4 blink frogs (Lair:5)
  9 bog bodies
  Prince Ribbit (D:8)
  2 dream sheep (Lair:6)
  A dream sheep (shapeshifter) (Vaults:4)
  A meliai zombie (D:14)
  4 raiju (Zot:2)
  32 slime creatures
  8 hippogriffs
  2 centaur simulacra
  A fire giant simulacrum (Vaults:3)
  2 frost giant simulacra (Vaults:3)
  A deep troll zombie (Depths:1)
  7 spriggans
  8 wraiths
  2 shadows
  2 tarantellas (shapeshifter)
  A spriggan simulacrum (Depths:1)
  71 redbacks
  2 spriggans (shapeshifter)
  5 water elementals (Depths:1)
  A fire dragon skeleton (Depths:1)
  17 humans (D:13)
  28 tarantellas
  Eustachio (D:4)
  7 wyverns
  48 yaks
  8 steam dragons (Lair:6)
  5 basilisks
  8 hungry ghosts
  2 wargs (shapeshifter)
  23 vampire mosquitoes
  27 swamp worms
  An insubstantial wisp (Swamp:2)
  10 water moccasins
  2 acid dragons
  16 swamp drakes
  A floating eye (Depths:1)
  2 floating eyes (shapeshifter) (Vaults:5)
  20 orc warriors
  12 porcupines
  2 black bears (shapeshifter)
  A black bear (D:12)
  4 ice beasts
  3 sky beasts
  5 phantoms
  22 ogres
  5 necrophages (Lair:5)
  An eye of draining (D:13)
  A tengu (shapeshifter) (Depths:2)
  11 boggarts
  4 centaurs
  8 crocodiles
  2 big kobolds
  23 bullfrogs
  A wyvern zombie (D:13)
  5 scorpions
  A human simulacrum (Vaults:2)
  15 killer bees
  4 wights (D:9)
  2 electric eels
  4 howler monkeys
  2 bullfrog zombies
  A centaur zombie (D:12)
  2 quasits
  10 crimson imps
  Crazy Yiuf (D:2)
  6 hounds
  19 jellies
  11 centaur skeletons
  12 orc priests
  A bullfrog skeleton (D:10)
  Jessica (D:2)
  5 iguanas
  Ijyb (D:3)
  11 orc wizards
  2 yak simulacra (D:12)
  9 worker ants
  4 polar bear simulacra (D:12)
  3 wolf simulacra (D:12)
  6 ogre zombies (D:11)
  A hound zombie (D:7)
  A hound skeleton (D:10)
  A howler monkey zombie (D:5)
  2 worker ant zombies (D:7)
  4 gnolls (D:4)
  2 adders
  A shadow imp (D:10)
  An ooze (D:5)
  An adder skeleton (D:4)
  4 worms
  A dart slug (D:3)
  4 leopard geckos
  59 orcs
  3 giant cockroaches
  5 hobgoblins
  23 jackals
  10 kobolds
  5 quokkas
  4 bats
  4 frilled lizards
  9 goblins
  3 goblin skeletons (D:11)
  3 goblin zombies (D:11)
  2 hobgoblin skeletons (D:11)
  A hobgoblin zombie (D:11)
  2 orc skeletons (D:11)
  8 orc zombies (D:11)
  A quokka zombie (D:5)
  10 rats
  2 river rat simulacra (D:12)
  2 briar patches (Swamp:2)
  A plant (Lair:6)
1883 creatures vanquished.

Vanquished Creatures (others)
  An ogre mage (Depths:2)
  A lindwurm (Lair:6)
  2 deep elf archers
  2 cyclopes
  A rime drake (Lair:6)
  6 yaktaurs
  2 dream sheep (Lair:6)
  A fire giant simulacrum (Vaults:3)
  A naga (shapeshifter) (Vaults:5)
  A boggart (Depths:1)
  A centaur (D:15)
  A howler monkey (D:14)
  12 bushes (Depths:3)
  5 fungi
  23 plants
60 creatures vanquished.

Grand Total: 1943 creatures vanquished

Notes
Turn   | Place    | Note
-------+----------+-------------------------------------------
     0 | D:1      | roguesci the Gargoyle Fighter began the quest for the Orb.
     0 | D:1      | Reached XP level 1. HP: 14/14 MP: 1/1
   353 | D:1      | Reached XP level 2. HP: 19/19 MP: 2/2
  1131 | D:2      | Reached XP level 3. HP: 23/23 MP: 3/3
  1458 | D:2      | Reached XP level 4. HP: 18/29 MP: 4/4
  1704 | D:2      | Noticed Jessica
  1718 | D:2      | Killed Jessica
  1718 | D:2      | Reached skill level 3 in Maces & Flails
  1820 | D:2      | Found a runed translucent door.
  1821 | D:2      | Noticed Crazy Yiuf
  2024 | D:2      | Killed Crazy Yiuf
  2024 | D:2      | Reached XP level 5. HP: 15/33 MP: 5/5
  2285 | D:3      | Noticed Ijyb
  2308 | D:3      | Killed Ijyb
  2440 | D:3      | Found a hazy altar of Hepliaklqana.
  2475 | D:3      | Found a faded altar of an unknown god.
  2773 | D:3      | Upgraded the game from 0.24.0-5-g267a8d59f4 to
                  | 0.24.0-7-gb3623d2c88
  2773 | D:3      | Became a worshipper of Uskayaw the Reveler
  2773 | D:3      | Reached * piety under Uskayaw
  2815 | D:4      | Noticed an ogre
  2825 | D:4      | Reached ** piety under Uskayaw
  2827 | D:4      | Killed an ogre
  2827 | D:4      | Reached skill level 5 in Shields
  2827 | D:4      | Reached XP level 6. HP: 35/38 MP: 6/6
  2851 | D:4      | Found Saokosut's Jewellery Boutique.
  2860 | D:4      | Reached skill level 4 in Maces & Flails
  2914 | D:4      | Noticed Grinder
  2914 | D:4      | Noticed a phantom
  2919 | D:4      | Paralysed by Grinder for 5 turns
  2935 | D:4      | Paralysed by Grinder for 6 turns
  2964 | D:3      | Paralysed by Grinder for 2 turns
  2970 | D:3      | Paralysed by Grinder for 2 turns
  2974 | D:3      | Paralysed by Grinder for 4 turns
  3210 | D:3      | Killed Grinder
  3210 | D:3      | Reached skill level 1 in Dodging
  3210 | D:3      | Reached XP level 7. HP: 36/44 MP: 3/7
  3299 | D:4      | Found a shadowy altar of Dithmenos.
  3311 | D:4      | Noticed Eustachio
  3345 | D:4      | Killed Eustachio
  3555 | D:4      | Reached skill level 5 in Maces & Flails
  3618 | D:4      | Found a shimmering blue altar of Sif Muna.
  3855 | D:4      | Found a staircase to the Ecumenical Temple.
  4393 | D:4      | Reached skill level 5 in Fighting
  4393 | D:4      | Reached skill level 5 in Armour
  4393 | D:4      | Reached XP level 8. HP: 46/49 MP: 8/8
  4474 | D:5      | Entered Level 5 of the Dungeon
  4506 | D:5      | Reached skill level 1 in Invocations
  4521 | D:5      | Found a blossoming altar of Fedhas.
  4910 | D:5      | Found an opulent altar of Gozag.
  4932 | D:5      | Got a shimmering ring mail
  5309 | D:5      | Found a sacrificial altar of Ru.
  5452 | D:6      | You fall into a shaft and drop 2 floors!
  5491 | D:8      | Noticed a wyvern
  5507 | D:8      | Killed a wyvern
  5515 | D:8      | Reached *** piety under Uskayaw
  5735 | D:8      | Reached XP level 9. HP: 50/55 MP: 11/11
  5829 | D:8      | Reached **** piety under Uskayaw
  5834 | D:8      | Reached ***** piety under Uskayaw
  6995 | D:7      | Reached skill level 6 in Maces & Flails
  7038 | D:7      | Found a sparkling altar of Nemelex Xobeh.
  7092 | D:7      | Reached skill level 5 in Invocations
  8344 | D:8      | Reached XP level 10. HP: 38/63 MP: 14/14
  8575 | D:8      | Noticed Prince Ribbit
  8591 | D:8      | Killed Prince Ribbit
  8997 | D:9      | Identified the +1 ring mail of a bailey {rC+ rCorr Dex+3}
                  | (You found it on level 5 of the Dungeon)
  9031 | D:9      | Killed an unseen horror
  9892 | D:10     | Entered Level 10 of the Dungeon
  9958 | D:10     | Reached skill level 7 in Maces & Flails
 10096 | D:10     | Noticed an elephant
 10097 | D:10     | Found a staircase to the Lair.
 10139 | D:10     | Killed an elephant
 10139 | D:10     | Reached XP level 11. HP: 50/71 MP: 16/16
 10350 | D:10     | Reached ****** piety under Uskayaw
 11109 | D:10     | Found Luad's Assorted Antiques.
 11120 | D:10     | Bought a pair of runed boots for 195 gold pieces
 11409 | D:11     | Reached skill level 8 in Maces & Flails
 11487 | Lair:1   | Entered Level 1 of the Lair of Beasts
 11678 | Lair:1   | Noticed an eight-headed hydra
 12015 | D:11     | Noticed Erolcha
 12175 | D:10     | Killed an unseen horror
 12175 | D:10     | Reached skill level 10 in Fighting
 12401 | D:10     | Killed Erolcha
 12991 | D:11     | Found a staircase to the Orcish Mines.
 13040 | D:11     | Reached XP level 12. HP: 77/78 MP: 17/19
 13337 | D:12     | Noticed Snorg
 14008 | D:12     | Reached skill level 9 in Maces & Flails
 14320 | D:12     | Found Zyatwin's Armour Shop.
 14327 | D:12     | Bought a +1 helmet for 161 gold pieces
 14344 | D:12     | Bought a cursed +0 plate armour for 280 gold pieces
 14382 | D:12     | Got a pitted bronze ring
 15115 | D:13     | Reached skill level 10 in Armour
 15200 | D:13     | Noticed a tengu warrior
 15232 | D:13     | Killed a tengu warrior
 15232 | D:13     | Reached skill level 10 in Invocations
 15243 | D:13     | Noticed a seven-headed hydra
 15252 | D:13     | Killed a seven-headed hydra
 15603 | D:13     | Found a gate to the Vaults.
 15603 | D:13     | Noticed a vault guard
 15603 | D:13     | Noticed a vault guard
 15618 | D:13     | Reached skill level 10 in Maces & Flails
 15619 | D:13     | Killed a vault guard
 15621 | D:13     | Killed a vault guard
 15621 | D:13     | Reached XP level 13. HP: 45/85 MP: 11/21
 16134 | D:13     | Found a portal to a secret trove of treasure.
 16419 | D:13     | Identified the ring "Mulove Adghua" {MR+ Dex+2} (You found
                  | it on level 12 of the Dungeon)
 16693 | D:13     | Reached skill level 10 in Shields
 17269 | D:14     | Reached skill level 11 in Maces & Flails
 17829 | D:14     | Noticed Josephine
 17863 | D:15     | Entered Level 15 of the Dungeon
 18062 | D:14     | Killed Josephine
 18586 | D:14     | Got a fine scale mail
 18750 | D:15     | Noticed an ogre mage
 18760 | D:15     | Noticed a fire dragon
 18789 | D:14     | Killed a fire dragon
 18789 | D:14     | Reached skill level 12 in Maces & Flails
 19578 | D:15     | Gained mutation: Your large and strong wings let you fly
                  | indefinitely. [Gargoyle growth]
 19578 | D:15     | Reached XP level 14. HP: 63/92 MP: 22/22
 19640 | D:15     | Reached skill level 13 in Maces & Flails
 20220 | D:15     | Reached skill level 14 in Maces & Flails
 20287 | D:15     | Found a staircase to the Depths.
 20309 | D:15     | Upgraded the game from 0.24.0-7-gb3623d2c88 to
                  | 0.24.0-10-g970556be89
 20323 | Depths:1 | Entered Level 1 of the Depths
 20602 | Depths:1 | Noticed a red very ugly thing
 20603 | Depths:1 | Noticed a red very ugly thing
 20603 | Depths:1 | Noticed a red very ugly thing
 20605 | Depths:1 | Noticed a red very ugly thing
 20607 | Depths:1 | Noticed a red very ugly thing
 20607 | Depths:1 | Noticed a red very ugly thing
 20667 | Depths:1 | Killed a red very ugly thing
 20677 | Depths:1 | Killed a cyan very ugly thing
 20841 | Depths:1 | Killed a cyan very ugly thing
 20845 | Depths:1 | Killed a cyan very ugly thing
 20851 | Depths:1 | Killed a cyan very ugly thing
 20851 | Depths:1 | Reached skill level 15 in Maces & Flails
 20867 | Depths:1 | Killed a purple very ugly thing
 21184 | Depths:1 | Noticed a vampire knight
 21585 | Depths:1 | Noticed a stone giant
 21995 | Depths:1 | Found a gateway to Hell.
 22009 | Depths:1 | Found a gateway to a ziggurat.
 22025 | Depths:1 | Noticed a juggernaut
 22026 | Depths:1 | Noticed a stone giant
 22035 | Depths:1 | Noticed a shadow dragon
 22068 | Depths:1 | Noticed a fire giant
 22454 | D:10     | Killed Snorg
 23753 | Lair:1   | Got a jewelled trident
 23802 | Lair:2   | Reached XP level 15. HP: 97/97 MP: 23/23
 23809 | Lair:2   | Identified the +10 trident "Togaluri" {venom, +Inv rC+ rN+}
                  | (You found it on level 1 of the Lair of Beasts)
 24406 | Lair:2   | Found a staircase to the Swamp.
 26567 | Lair:4   | Found a hole to the Spider Nest.
 27056 | Lair:5   | Noticed Rupert
 27130 | Lair:5   | Gained mutation: You have a pair of small antennae on your
                  | head. [potion of mutation]
 27130 | Lair:5   | Gained mutation: Your mind is acute. (Int +2) [potion of
                  | mutation]
 27130 | Lair:5   | Gained mutation: You are resistant to hostile enchantments.
                  | (MR+) [potion of mutation]
 27130 | Lair:5   | Gained mutation: You are partially covered in slimy green
                  | scales. (AC +2) [potion of mutation]
 28047 | Lair:6   | Entered Level 6 of the Lair of Beasts
 28695 | Lair:6   | Got a steaming graven amulet
 28756 | Lair:6   | Identified the amulet of Uqoykumy {rElec rC+++ Regen+ Int-4
                  | SInv} (You found it on level 6 of the Lair of Beasts)
 29032 | Lair:6   | Found an ancient bone altar of Kikubaaqudgha.
 29056 | Lair:6   | Found a viscous altar of Jiyva.
 29056 | Lair:6   | Found a staircase to the Slime Pits.
 29210 | Lair:6   | Reached XP level 16. HP: 88/105 MP: 19/25
 30328 | Lair:4   | Killed Rupert
 30495 | Swamp:1  | Entered Level 1 of the Swamp
 32721 | Swamp:2  | Found a transporter.
 32723 | Swamp:2  | Noticed a thorn hunter
 32752 | Swamp:2  | Killed a thorn hunter
 32952 | Swamp:2  | Found a transporter.
 34225 | Swamp:3  | Reached XP level 17. HP: 112/112 MP: 26/26
 35344 | Swamp:4  | Entered Level 4 of the Swamp
 35726 | Swamp:4  | Reached skill level 15 in Fighting
 35835 | Swamp:4  | Reached skill level 16 in Maces & Flails
 35946 | Swamp:4  | Reached skill level 15 in Shields
 35970 | Swamp:4  | Noticed the 27-headed Lernaean hydra
 35982 | Swamp:4  | Killed the 27-headed Lernaean hydra
 36152 | Swamp:4  | Got a decaying rune of Zot
 37194 | Spider:1 | Entered Level 1 of the Spider Nest
 37406 | Lair:4   | Lost mutation: Your mind is acute. (Int +2) [potion of
                  | mutation]
 37406 | Lair:4   | Lost mutation: You have a pair of small antennae on your
                  | head. [potion of mutation]
 37406 | Lair:4   | Lost mutation: You are partially covered in slimy green
                  | scales. (AC +2) [potion of mutation]
 37406 | Lair:4   | Gained mutation: You tend to lose your temper in combat.
                  | [potion of mutation]
 37406 | Lair:4   | Gained mutation: You expend magic power (3 MP) to
                  | strengthen your wands. [potion of mutation]
 37407 | Lair:4   | Lost mutation: You are resistant to hostile enchantments.
                  | (MR+) [potion of mutation]
 37407 | Lair:4   | Lost mutation: You expend magic power (3 MP) to strengthen
                  | your wands. [potion of mutation]
 37407 | Lair:4   | Gained mutation: You often lose your temper in combat.
                  | [potion of mutation]
 37407 | Lair:4   | Gained mutation: You are partially covered in molten
                  | scales. (AC +2) [potion of mutation]
 37407 | Lair:4   | Gained mutation: You have supernaturally acute eyesight.
                  | (SInv) [potion of mutation]
 37407 | Lair:4   | Gained mutation: You are partially covered in rugged brown
                  | scales. (AC +1, +3% HP) [potion of mutation]
 38432 | Spider:1 | Noticed Jorgrun
 38452 | Spider:1 | Killed Jorgrun
 38452 | Spider:1 | Reached XP level 18. HP: 123/123 MP: 27/27
 40024 | Spider:3 | Reached skill level 15 in Armour
 40031 | Spider:3 | Lost mutation: You often lose your temper in combat.
                  | [potion of mutation]
 40031 | Spider:3 | Lost mutation: You tend to lose your temper in combat.
                  | [potion of mutation]
 40031 | Spider:3 | Lost mutation: You are partially covered in molten scales.
                  | (AC +2) [potion of mutation]
 40031 | Spider:3 | Gained mutation: You are robust. (+10% HP) [potion of
                  | mutation]
 40031 | Spider:3 | Gained mutation: You are resistant to hostile enchantments.
                  | (MR+) [potion of mutation]
 40031 | Spider:3 | Gained mutation: You have a pair of small horns on your
                  | head. [potion of mutation]
 40371 | Spider:3 | Identified a scroll of acquirement
 41766 | Spider:3 | Upgraded the game from 0.24.0-10-g970556be89 to
                  | 0.24.0-13-gcf9b3192b9
 41767 | Spider:4 | Entered Level 4 of the Spider Nest
 41892 | Spider:4 | Found a runed translucent door.
 41892 | Spider:4 | Noticed Monsterracer's ghost (journeyman DDFi)
 41932 | Spider:4 | Killed Monsterracer's ghost
 43038 | Spider:4 | Reached XP level 19. HP: 115/144 MP: 29/29
 43705 | Spider:4 | Got a gossamer rune of Zot
 44412 | Depths:1 | Reached skill level 17 in Maces & Flails
 45523 | Depths:1 | Paralysed by a floating eye for 3 turns
 45718 | Depths:1 | Got a slimy jade ring
 45807 | Depths:1 | Found the +8 mithril axe "Arga" {speed, MR+}
 46224 | Depths:1 | Killed a juggernaut
 46224 | Depths:1 | Reached skill level 1 in Axes
 46691 | Depths:2 | Noticed a golden dragon
 46703 | Depths:2 | Killed a golden dragon
 46721 | Depths:2 | Identified the ring "Rebbamua" {rF+ Str+2 Int+6} (You found
                  | it on level 1 of the Depths)
 46947 | Depths:2 | Noticed Margery
 47101 | Depths:2 | Killed Margery
 47101 | Depths:2 | Reached skill level 15 in Invocations
 47541 | Depths:2 | Got a translucent dagger
 47542 | Depths:2 | Identified the cursed +0 dagger "Beetlebane" {pierce,
                  | Str+2} (You found it on level 2 of the Depths)
 47753 | Depths:2 | Reached XP level 20. HP: 140/153 MP: 31/31
 47976 | Depths:2 | Reached skill level 5 in Axes
 48925 | Depths:3 | Reached skill level 18 in Maces & Flails
 49077 | Depths:3 | Found a one-way gate leading to the halls of Pandemonium.
 49199 | Depths:3 | Got an ancient spear
 49200 | Depths:3 | Identified the cursed +1 spear of Recklessness {freeze,
                  | +Fly Str+7 Dex-5 Stlth+} (You found it on level 3 of the
                  | Depths)
 49721 | Depths:3 | Got a steaming copper ring
 50002 | Depths:3 | Identified the Incunabulum of Congealing Boosts
 50014 | Depths:3 | Got a polished long sword
 50016 | Depths:3 | Identified the ring "Paprum" {+Fly rN+ Str+3 Int-5} (You
                  | found it on level 3 of the Depths)
 50023 | Depths:3 | Identified the +7 long sword of Uskayaw's Condemnation
                  | {slice, rN+++ Int-2 SInv Stlth-} (You found it on level 3
                  | of the Depths)
 50145 | Depths:3 | Noticed a golden dragon
 50163 | Depths:3 | Killed a golden dragon
 50723 | Depths:4 | Reached XP level 21. HP: 157/159 MP: 32/32
 51056 | Depths:4 | Found a one-way gate to the infinite horrors of the Abyss.
 51224 | Depths:4 | Found a shattered altar of Ashenzari.
 51451 | Depths:5 | Entered Level 5 of the Depths
 51451 | Depths:5 | Noticed a golden dragon
 51457 | Depths:5 | Noticed the Enchantress
 51471 | Depths:4 | Killed a golden dragon
 51526 | Depths:4 | Killed the Enchantress
 51526 | Depths:4 | Reached skill level 19 in Maces & Flails
 51977 | Depths:4 | Noticed a caustic shrike
 51979 | Depths:4 | Noticed a caustic shrike
 51984 | Depths:4 | Noticed a caustic shrike
 51989 | Depths:4 | Noticed a caustic shrike
 51991 | Depths:4 | Noticed a caustic shrike
 51994 | Depths:4 | Killed a caustic shrike
 52323 | Depths:4 | Killed a caustic shrike
 52328 | Depths:4 | Killed a caustic shrike
 52334 | Depths:4 | Killed a caustic shrike
 52336 | Depths:4 | Killed a caustic shrike
 53590 | Depths:5 | Reached XP level 22. HP: 144/167 MP: 34/34
 53704 | Depths:5 | Found a gate to the Realm of Zot.
 53723 | Depths:5 | Reached skill level 10 in Axes
 54375 | Depths:5 | Learned a level 1 spell: Apportation
 54378 | Depths:5 | Learned a level 2 spell: Blink
 54383 | Depths:5 | Learned a level 4 spell: Passage of Golubria
 54386 | Depths:5 | Learned a level 2 spell: Shroud of Golubria
 54646 | Vaults:1 | Entered Level 1 of the Vaults
 54863 | Vaults:1 | Reached skill level 1 in Translocations
 56164 | Vaults:2 | Found Mepuap's Book Shoppe.
 56513 | Vaults:2 | Reached skill level 1 in Spellcasting
 57624 | Vaults:3 | Found a runed translucent gate.
 57779 | Vaults:3 | Found a staircase to the Crypt.
 58086 | Vaults:3 | Found a runed translucent gate.
 58087 | Vaults:3 | Found a runed translucent gate.
 58089 | Vaults:3 | Noticed Angmar's ghost (veteran DrAE)
 58358 | Vaults:4 | Reached XP level 23. HP: 162/175 MP: 30/35
 58361 | Vaults:4 | Reached skill level 5 in Translocations
 58933 | Vaults:4 | Found a white marble altar of Elyvilon.
 59618 | Vaults:5 | Entered Level 5 of the Vaults
 59679 | Vaults:4 | Reached skill level 5 in Spellcasting
 60489 | Vaults:5 | Identified the ring "Raptuev" {*Corrode Str+4 Dex+4 Stlth+}
 60524 | Vaults:5 | Reached skill level 20 in Maces & Flails
 61247 | Vaults:5 | Noticed an ancient lich
 61271 | Vaults:5 | Killed an ancient lich
 61274 | Vaults:5 | Reached XP level 24. HP: 127/181 MP: 35/35
 61647 | Vaults:5 | Identified the amulet "Vudedeg" {RegenMP Fragile +Blink rC+
                  | Int+3}
 61661 | Vaults:5 | Noticed an ancient lich
 61668 | Vaults:5 | Killed an ancient lich
 61986 | Vaults:5 | Identified the +9 scythe of Itahut {slice, *Corrode +Rage
                  | rElec SInv}
 62839 | Vaults:5 | Identified the +0 buckler "Zaot" {MR++ Int+3}
 63114 | Vaults:5 | Got a silver rune of Zot
 63309 | Vaults:5 | Got a dazzling dire flail
 63310 | Vaults:5 | Identified the +7 dire flail of Ru's Displeasure {freeze,
                  | +Blink rF+ rC+ Str+4 Dex-3} (You found it on level 5 of the
                  | Vaults)
 64305 | Vaults:3 | Killed Angmar's ghost
 64361 | Vaults:3 | Identified Omocoluo's Incunabulum of Evil
 64367 | Vaults:3 | Identified the ring of the Empty Page {+Inv +Fly rElec
                  | Dex-2 SInv} (You found it on level 3 of the Vaults)
 64774 | Zot:1    | Entered Level 1 of the Realm of Zot
 65919 | Zot:2    | Reached XP level 25. HP: 157/189 MP: 36/36
 69995 | Zot:2    | Reached skill level 10 in Translocations
 71153 | Zot:2    | Reached skill level 10 in Spellcasting
 71464 | Zot:2    | Found a basalt altar of Yredelemnul.
 72611 | Zot:3    | Reached XP level 26. HP: 108/197 MP: 37/37
 73072 | Zot:3    | Identified the +1 helmet "Neleg" {rElec} (You found it on
                  | level 3 of the Realm of Zot)
 74532 | Zot:4    | Reached skill level 21 in Maces & Flails
 75959 | Zot:4    | Splashed by an acid blob's acid

Levels and vault maps discovered:
D:1:      dpeg_arrival_boxorama, layout_basic
D:2:      layout_loops_cross, first_ration, chequers_serial_rivers_micro_d,
          uniq_crazy_yiuf_cottage, uniq_jessica
D:3:      layout_rooms, old_standard_altar,
          chequers_ecumenical_altar_simple_redux, uniq_ijyb
D:4:      layout_layer_cave, led_sif_book, grunt_dithmenos_smoke,
          nicolae_overflow_hidden_temple, minmay_temple_entry_grid,
          serial_shops, shop, uniq_grinder, uniq_eustachio
D:5:      minmay_skewed_foursquare, layout_gridville, grunt_gozag_statues,
          lemuel_coloured_pillars_altar, fedhas_bush_and_centaur_altar
D:6:      layout_basic
D:7:      layout_cave_pods, lemuel_doored_altar
D:8:      layout_loops_cross, uniq_prince_ribbit1
D:9:      layout_loops_ring, library_closet
D:10:     layout_stronghold, david_lair_generic, serial_shops,
          nicolae_shop_overgrown_old_shop, hangedman_fish_farm
D:11:     layout_big_octagon, zombieorc1_lemuel, uniq_erolcha
D:12:     layout_basic, serial_shops, shop, minivault_19,
          eino_house_with_fridge, uniq_snorg
D:13:     layout_grid_maze, grunt_vaults_entry_tiered,
          nicolae_trove_entry_crystal, grunt_decor_mini_mirrors
D:14:     layout_layer_cave, moated_statue, uniq_josephine
D:15:     grunt_enter_depths_magical_seal, layout_cave_pools, nicolae_sextant,
          minmay_fractal_squares_diagonal_5
Lair:1:   layout_cave_pods
Lair:2:   layout_cave_pods, minmay_swamp_entry_swarm,
          chequers_serial_rivers_micro_a, minmay_lair_oklob_chamber
Lair:3:   cheibrodos_lair_overgrown_chateau, layout_big_grid, st_stairs_6
Lair:4:   layout_loops_ring, spider_nest_entry_funnel_web, lemuel_fruit_fields
Lair:5:   layout_long_grid, roderic_carrion_pond, serial_bayou_shore_b,
          serial_bayou_shore_b, uniq_rupert
Lair:6:   evilmike_catoblepas_cave, layout_gridlike, slime_altar_1, basic_altar,
          serial_bayou_pond_b, bobbens_dragon_lair_wall
Swamp:1:  layout_basic_swamp, evilmike_swamp_ruin_wall,
          infiniplex_staircase_pool_2
Swamp:2:  gammafunk_the_bubble [the_bubble_gammafunk_plus_minus],
          layout_basic_swamp, portal_ice_cave_entry_pillars_three,
          evilmike_swamp_ruin_house_1, swamp_pool3
Swamp:3:  layout_basic_swamp, serial_swamp_ruin, evilmike_swamp_ruin_house_5,
          evilmike_swamp_ruin_rubble_2, evilmike_swamp_ruin_rubble_1,
          swamp_pool3, infiniplex_staircase_pool
Swamp:4:  swamp_old_school, layout_basic_swamp, swamp_pool5,
          grunt_lady_of_the_lake
Spider:1: nicolae_spider_mines_3, uniq_jorgrun
Spider:2: layout_chambers
Spider:3: layout_chambers, worms_lemuel
Spider:4: grunt_spider_rune_circles, gammafunk_ghost_grave
Vaults:1: nicolae_vaults_circle_grid_a, vaults_room_large_hall,
          hangedman_vaults_cutoff, hangedman_vaults_stretched_pinwheel,
          nicolae_vaults_alarming, vaults_room_grunt_arrival_checkpoint,
          layout_vaults_omnigrid
Vaults:2: hangedman_vaults_variations, v_misc_14, vaults_room_door_ring,
          vaults_room_pool, nicolae_vaults_sealed_display,
          vaults_room_door_ring, st_spiral_rooms, nicolae_vaults_specimen_jars,
          vaults_room_pool, serial_ice_b, layout_vaults_omnicross, serial_shops,
          shop
Vaults:3: gammafunk_vaults_ghost_necromancy, nicolae_vaults_little_squares_3,
          vaults_dpeg_diagonal, nicolae_vaults_gold_heap,
          nicolae_vaults_shelves_hall, v_misc_9, minmay_crypt_entry_simple_box,
          nicolae_vaults_border_crossing, nicolae_vaults_rhombus_6,
          vaults_dpeg_ring, nicolae_vaults_little_squares_2,
          hangedman_vaults_impose, grunt_vaults_bifocal, v_misc_1,
          vaults_mumra_hex, layout_vaults_maze
Vaults:4: v_misc_15, grunt_vaults_hallway_long, ontoclasm_vaults_pinch,
          vaults_room_fancy_cross, v_misc_32, nicolae_vaults_big_angled_halls,
          serial_ice_h, v_rooms_4, ontoclasm_vaults_fault,
          hangedman_vaults_corner_blocks, nicolae_vaults_what_the_h,
          nicolae_vaults_mini_display_case, nicolae_vaults_little_ls,
          layout_vaults_ring, basic_altar
Vaults:5: serial_shops
Depths:1: layout_basic, enter_ziggurat_b, serial_bayou_pond_a,
          pf_hell_entry_tar_spiral, minmay_misc_feat_ornament,
          minmay_misc_feat_columns, chequers_serial_rivers_micro_b,
          minmay_fountain_box, kennysheep_nondescript, minivault_22,
          minmay_door_square, minmay_multi_spiral
Depths:2: minmay_quarter_circles, layout_gridlike, grunt_metal_band,
          grunt_decor_cap, kennysheep_generic_room_14
Depths:3: minmay_the_grid_triangle_9x9_rhombus_full
          [minmay_the_grid_triangle_9x9_dagger,
          minmay_the_grid_triangle_9x9_empty,
          minmay_the_grid_triangle_9x9_semitri,
          minmay_the_grid_triangle_9x9_zippers_vertical,
          minmay_the_grid_triangle_9x9_sprig,
          minmay_the_grid_triangle_9x9_stretched_checkered,
          minmay_the_grid_triangle_9x9_odd_lines,
          minmay_the_grid_triangle_9x9_prize_center], layout_small_grid,
          pan_entry, hell_entry, minmay_hedge_maze
Depths:4: kennysheep_blocky_hall, layout_twisted_cross, rand_demon_pan_entry_5,
          abyss_entry, pf_coc_iceberg, evilmike_ruin_ashenzari,
          infiniplex_staircase_pillars_1
Depths:5: grunt_twist_and_shout, layout_cave_pools, hell_entry, abyss_entry,
          chequers_serial_rivers_micro_d, uniq_enchantress
Zot:1:    layout_concentric_octagons, skrybe_zot_glass_3
Zot:2:    hangedman_orp_of_zott, layout_gridlike, zot_minivault_1
Zot:3:    layout_basic
Zot:4:    lemuel_acid_trip, layout_cathedral_of_symmetry

Skill      XL: |  1  2  3  4  5  6  7  8  9 10 11 12 13 14 15 16 17 18 19 20 21 22 23 24 25 26 |
---------------+-------------------------------------------------------------------------------+-----
Shields        | 4 5 6 7 8 9 10 12 14 15 | 15.5
Maces & Flails | 3 4 5 6 7 8 10 12 15 16 17 18 19 20 21 | 21.1
Armour         | 4 5 6 7 8 9 10 11 12 13 14 15 16 17 18 19 20 | 20.1
Fighting       | 4 5 6 7 9 10 11 12 13 14 15 17 18 19 20 | 20.8
Dodging        | 1 2 |  2.0
Invocations    | 3 5 7 9 10 11 12 14 15 16 17 18 | 18.9
Axes           | 4 7 9 10 11 12 | 12.7
Translocations | 4 7 9 11 | 11.4
Spellcasting   | 3 6 9 10 11 | 11.1

Action                   |  1- 3 |  4- 6 |  7- 9 | 10-12 | 13-15 | 16-18 | 19-21 | 22-24 | 25-27 || total
-------------------------+-------+-------+-------+-------+-------+-------+-------+-------+-------++-------
Melee: Flail             |   131 |   204 |   548 |  1190 |  1642 |  1693 |       |       |       ||  5408
       Morningstar       |       |       |       |       |       |   526 |   208 |       |       ||   734
       Headbutt          |       |       |       |       |       |   161 |   335 |   455 |   264 ||  1215
       Broad axe         |       |       |       |       |       |       |   134 |       |       ||   134
       Demon whip        |       |       |       |       |       |       |   772 |  1438 |   874 ||  3084
Throw: Stone             |       |       |       |       |       |       |     2 |       |       ||     2
 Cast: Shroud of Golubri |       |       |       |       |       |       |       |     3 |       ||     3
       Blink             |       |       |       |       |       |       |       |     4 |     3 ||     7
       Passage of Golubr |       |       |       |       |       |       |       |     1 |       ||     1
Invok: Stomp             |       |     1 |     8 |    20 |    23 |    22 |     8 |     5 |    12 ||    99
       Grand Finale      |       |       |       |     2 |       |     2 |       |     3 |     4 ||    11
       Line Pass         |       |       |       |     3 |     2 |     1 |     1 |     1 |     1 ||     9
Evoke: Wand              |       |       |       |     4 |       |     3 |       |     4 |     1 ||    12
  Use: Potion            |       |     1 |       |    15 |     9 |    13 |     4 |     1 |    10 ||    53
       Scroll            |       |       |     2 |    19 |    23 |    11 |    23 |    10 |     8 ||    96
 Stab: Paralysed         |       |       |     4 |    51 |    96 |   179 |   104 |   168 |    82 ||   684
       Confused          |       |       |       |     1 |       |       |     1 |     1 |       ||     3
  Eat: Chunk             |     2 |     6 |    23 |    26 |    23 |    11 |     9 |    16 |     7 ||   123
       Ration            |       |       |     3 |     4 |     9 |    12 |     8 |     8 |    10 ||    54
Armor: Scale mail        |    69 |   133 |   300 |   704 |       |       |       |       |       ||  1206
       Plate armour      |       |       |       |   160 |   869 |       |       |       |       ||  1029
       Crystal plate arm |       |       |       |       |       |  1640 |   515 |   508 |   509 ||  3172
Dodge: Dodged            |    46 |    58 |   214 |   324 |   309 |   388 |   149 |   137 |   139 ||  1764
Block: Shield            |    63 |   125 |   335 |  1241 |  1316 |  2109 |   727 |   789 |   384 ||  7089
       Reflection        |       |       |       |    14 |    29 |    21 |    48 |    68 |       ||   180
       Buckler           |       |       |       |       |       |       |       |     8 |       ||     8
